[Event "NW Chess Winter Open"]
[Site "Chess.com"]
[Date "2021.12.11"]
[Round "5"]
[White "Razmov, Gabriel"]
[Black "Cheng, Edward"]
[Result "1-0"]
[ECO "E67"]
[WhiteElo "1605"]
[BlackElo "1738"]
[Annotator "Gabriel Razmov"]
[PlyCount "117"]
[EventDate "2021.12.11"]
[EventType "swiss"]
[EventRounds "5"]
[TimeControl "1800+5"]

{[%evp 0,117,25,27,29,-11,44,33,40,35,33,16,26,-29,-12,-28,0,-7,0,-14,-4,-7,35,
8,157,139,158,150,135,113,118,145,253,139,123,152,257,285,346,346,628,577,516,
688,688,667,672,679,870,862,868,868,941,941,941,555,555,550,608,761,868,866,
858,1343,1800,1859,1893,1466,1480,1520,1530,1340,1390,1401,1505,1475,1450,1536,
1558,1437,1563,1392,1637,2391,2825,2927,2516,1524,1825,1311,2433,1657,2088,
2239,2751,29980,29981,29982,29983,29984,29985,29982,29985,29988,29989,29992,
29993,29992,29993,29992,29993,29994,29995,29994,29995,29996,29997,29998,29999,
-30000] This game was played in the last round of the NW Chess Winter Open. I
had 2.5/4 with two wins against lower-rated opposition and a draw with a
2000-rated player, and here I was playing a well-known opponent ~130 points
higher than my rating. I prepared a quiet line against his expected KID,
mostly because I was not as familiar with the mainlines. I practiced and
looked it up over and over until I was sure I could play it with eyes closed.} 
1. d4 Nf6 2. c4 g6 3. Nc3 Bg7 4. Nf3 O-O 5. g3 {A relatively quiet line, where
typical KID moves like ...f7-f5 don't work so well. This also helps White
worry less, if at all, about a king-side attack by Black.} (5. e4 d6 6. h3 e5
7. d5 {is another, well-known, line.}) 5... d6 6. e4 e5 7. d5 a5 8. Bg2 Na6 9.
O-O Nc5 10. Re1 {Not the most common move, but playable still. My pre-game
preparation ended about here, and I started wondering what I'm in for - what
he might play and what I might respond with.} Nh5 $6 {Signals an intent by
Black to play ...f5, but I already knew that ...f5 was not as good for Black
in such positions. I decided to simply prevent it.} 11. Be3 (11. Bg5 {is
another possibility, where} Qe8 12. Qd2 Bd7 {might follow.}) 11... f5 $2 {
This is simply not a correct idea for the variation we're playing. Black will
not get the attack they expect, and on top of that White will win material. My
response might have been unexpected because it isn't as typical of KID play
for White.} 12. Bxc5 dxc5 (12... fxe4 13. Nxe4 dxc5 14. Nxc5 {still wins a
pawn.}) 13. exf5 e4 $6 ({I honestly expected} 13... Bxf5 {, when} 14. Nxe5 {
and I am only up a pawn, as opposed to the two extra pawns I get in the game.})
14. Nxe4 {Around here I realized he didn't have much indeed, so my confidence
level rose.} (14. Nh4 {is apparently just as good, because the f-pawn is
immune:} Bxf5 $2 (14... gxf5 $4 15. Qxh5) 15. Nxf5 Bxc3 (15... Rxf5 $6 {and now
} 16. Nxe4 (16. g4 $2 Nf4 $3 {What a surprise that would be - Black's rook is
now immune, since after} 17. gxf5 $4 Qg5 {Black suddenly wins!})) 16. Nh6+ Kg7
17. bxc3 Kxh6 18. Rxe4 {+-}) 14... Bxf5 15. Nxc5 $1 {A nice exchange sacrifice,
which to my surprise he didn't accept.} b6 $6 (15... Bxb2 {I intended} 16. Ne6
Bxe6 17. Rb1 {±}) 16. Na4 $6 {I intended to defend the b2-pawn and return to
c3, but apparently I went astray here due to a miscalculation.} (16. Ne6 {
and White initiates more beneficial trades.} Bxe6 17. dxe6) 16... Qf6 {Now,
White must pay attention to the threat of ...Bg4.} (16... Bg4 {immediately may
be better, although after} 17. h3 Bxf3 18. Bxf3 Qf6 19. Kg2 {Still, I can't
say that this is much easier to play compared to the game.}) 17. Qd2 Bg4 $6 {
Not nearly as effective due to...} 18. Ne5 {Simple and strong.} Bc8 19. d6 {
Now White wins material due to tactics.} Ra7 $6 (19... Rb8 $2 20. dxc7) (19...
Ra6 $2 20. d7) (19... cxd6 {could be played, though after} 20. Bxa8 dxe5 {
White is still easily winning.}) 20. Nc6 {The rest was easy to convert.} Ra6
21. Ne7+ Kh8 22. Nxc8 Rxc8 23. Bb7 Raa8 24. Bxc8 Rxc8 25. d7 Rd8 26. Re8+ Bf8
27. Rxd8 Qxd8 28. Re1 Ng7 29. Qd4 Kg8 30. Qd5+ Kh8 31. Qf7 h5 32. Re8 {The
game is practically over.} Nxe8 33. dxe8=R Qxe8 34. Qxe8 Kg7 35. Nc3 Bd6 36.
Nd5 h4 37. Qd7+ Kh6 38. gxh4 Be5 39. f4 Bxb2 40. Qg4 c6 41. Ne7 Kg7 42. Qxg6+
Kf8 43. Nf5 b5 44. cxb5 cxb5 45. Qh7 Bf6 46. Nd6 Bd4+ 47. Kg2 Bg7 48. Qg6 Ke7
49. Qxg7+ Kxd6 50. Qe5+ Kc6 51. f5 b4 52. f6 b3 53. axb3 a4 54. bxa4 Kb6 55. f7
Kc6 56. f8=R Kd7 57. Rf6 Kd8 58. Rf7 Kc8 59. Qh8# 1-0